 Dungeon Sprint DCSS version 0.26-a0-651-gb41185065b (webtiles) character file.

Game seed: 3454731599647539219

12805 mhtbhm the Fencer (level 11, 0/112 HPs)
             Began as a Minotaur Fighter on Sept 29, 2020.
             Was the Champion of Qazlal.
             Slain by a rust devil (1 damage)
             ... summoned by an orc high priest
             ... in the Dungeon (Sprint IX: "|||||||||||||||||||||||||||||").
             The game lasted 00:03:28 (2050 turns).

mhtbhm the Fencer (Minotaur Fighter)                Turns: 2050, Time: 00:03:28

Health: 0/112      AC: 15    Str: 25    XL:     11   Next: 67%
Magic:  11/11      EV: 13    Int:  8    God:    Qazlal [******]
Gold:   1273       SH: 23    Dex:  9    Spells: 10/10 levels left

rFire    + . .     SeeInvis .   a - +2 scimitar (flame)
rCold    . . .     Faith    .   c - +0 kite shield
rNeg     . . .     Spirit   .   b - +2 chain mail {rF+}
rPois    .         Reflect  .   (helmet restricted)
rElec    .         Harm     .   p - +0 cloak
rCorr    .         Rampage  .   o - +0 pair of gloves
MR       .....     NoTele   +   y - +0 pair of boots
Stlth    ..........             (no amulet)
HPRegen  0.28/turn              q - +3 ring of intelligence
MPRegen  0.12/turn              r - +2 ring of evasion

@: protected from physical damage, corroded, berserk cooldown, slowed, repel
missiles, very slow
A: retaliatory headbutt, horns 2
a: Upheaval, Elemental Force, Disaster Area, Renounce Religion


You were in the Dungeon.
You worshipped Qazlal.
Qazlal was exalted by your worship.
You visited 1 branch You collected 1273 gold pieces.

Inventory:

Hand Weapons
 a - a +2 scimitar of flaming (weapon)
Missiles
 A - 4 throwing nets (quivered)
Armour
 b - a +2 chain mail of fire resistance (worn)
 c - a +0 kite shield (worn)
 o - a +0 pair of gloves (worn)
 p - a +0 cloak (worn)
 y - a +0 pair of boots (worn)
Jewellery
 q - a +3 ring of intelligence (left hand)
 r - a +2 ring of evasion (right hand)
Wands
 n - a wand of acid (3)
Scrolls
 j - 3 scrolls of blinking
 l - 4 scrolls of remove curse
 m - 2 scrolls of amnesia
 v - a scroll of fear
 w - 2 scrolls of enchant armour
 x - 2 scrolls of enchant weapon
Potions
 d - 3 potions of might
 e - 6 potions of curing
 f - 3 potions of heal wounds
 g - a potion of haste
 h - 4 potions of magic
 k - a potion of invisibility
 s - a potion of stabbing
 t - a potion of brilliance
 z - a potion of resistance
Miscellaneous
 u - a phial of floods


   Skills:
 + Level 15.1 Fighting
 + Level 18.5 Long Blades
 + Level 15.3 Armour
 + Level 4.5 Dodging
 + Level 17.6 Shields
 + Level 2.2 Invocations
 + Level 2.7 Evocations


You had 10 spell levels left.
You didn't know any spells.
Your spell library was empty.

Dungeon Overview and Level Annotations

Branches:
Dungeon (1/1)

Altars:
Cheibriados
Dithmenos
Elyvilon
Fedhas
Gozag
Hepliaklqana
Kikubaaqudgha
Makhleb
Nemelex Xobeh
Okawaru
Qazlal
Ru
Sif Muna
Trog
Uskayaw
Vehumet
Wu Jian
Xom
Yredelemnul
Zin
The Shining One
Beogh
Jiyva
Lugonu

Shops:
D [[


Innate Abilities, Weirdness & Mutations

You reflexively headbutt those who attack you in melee.
You have a pair of horns on your head.


Message History

The bolt of acid hits the orc high priest!!
The orc high priest is splashed with acid.
The orc high priest seems to be corroded for longer.
You kill the orc high priest!
Qazlal accepts your kill.
The orange demon disappears in a puff of smoke!
The hellwing disappears in a puff of smoke!
You block the orc high priest's attack. The orc high priest barely misses you.
The rust devil hits you. The rust devil corrodes you!
You block the orc high priest's attack.
You hit the orc high priest but do no damage.
Your headbutt misses the orc high priest.
The orc high priest is almost dead.
The orc high priest is no longer covered in acid.
The orc high priest mumbles some strange prayers to Beogh against you.
Beogh smites you!
* * * LOW HITPOINT WARNING * * *
The orc high priest shouts, "You are a heretic and must be destroyed!"
You block the orc high priest's attack. The rust devil hits you.
You die...

▓▓▓▓▓▓▓▓▓▓▓▓▓▓▓▓▓▓▓▓▓▓▓▓
.)))))))......)4@ooo∩.o.
▓▓▓▓▓▓▓▓▓▓▓▓▓▓▓▓▓▓▓▓▓▓▓▓▓▓▓▓▓▓▓▓▓
.................................
▓▓▓▓▓▓▓▓▓▓▓▓▓▓▓▓▓▓▓▓▓▓▓▓▓▓▓▓▓▓▓▓▓
÷....'†..†.....'†.......?[(.'..[[
▓▓▓▓▓▓▓▓▓▓▓▓▓▓▓▓▓▓▓▓▓▓▓▓▓▓▓▓▓▓▓▓▓
.................................
▓▓▓▓▓▓▓▓▓▓▓▓▓▓▓▓▓▓▓▓▓▓▓▓▓▓▓▓▓▓▓▓▓
_______________'..)..)[..)).....[


You could see 4 orc high priests and a rust devil (summoned).

Vanquished Creatures
  Harold (D)
  A hydra (D)
  Erolcha (D)
  A catoblepas (D)
  A two-headed ogre (D)
  3 orc high priests (D)
  2 unseen horrors (D)
  4 orc knights (D)
  A gargoyle (D)
  3 cane toads (D)
  A troll (D)
  A blink frog (D)
  A hippogriff (D)
  2 wargs (D)
  A water moccasin (D)
  A hell hound (D)
  A porcupine (D)
  A sky beast (D)
  12 orc warriors (D)
  A phantom (D)
  An ogre (D)
  6 wolves (D)
  A centaur (D)
  4 crocodiles (D)
  6 bullfrogs (D)
  A wight (D)
  4 orc priests (D)
  A hound (D)
  3 orc wizards (D)
  A worker ant (D)
  An adder (D)
  A white imp (D)
  4 orcs (D)
  A ball python (D)
  2 bats (D)
  A bat skeleton (D)
  2 kobolds (D)
80 creatures vanquished.

Notes
Turn   | Place    | Note
-------+----------+-------------------------------------------
     0 | D        | mhtbhm the Minotaur Fighter began the quest for the Orb.
     0 | D        | Reached XP level 1. HP: 19/19 MP: 0/0
     6 | D        | Banished a spatial maelstrom
    19 | D        | Noticed a centaur
    19 | D        | Noticed a hound
    19 | D        | Noticed a worker ant
    24 | D        | Killed a centaur
    24 | D        | Reached skill level 4 in Long Blades
    24 | D        | Reached XP level 2. HP: 5/31 MP: 1/1
    24 | D        | Reached XP level 3. HP: 6/38 MP: 2/2
    24 | D        | Reached XP level 4. HP: 8/45 MP: 3/3
    26 | D        | HP: 1/45 [white imp/puff of frost (7)]
    34 | D        | Reached skill level 5 in Long Blades
    36 | D        | Reached XP level 5. HP: 4/52 MP: 4/4
    43 | D        | Found a roughly hewn altar of Beogh.
    43 | D        | Found a snail-covered altar of Cheibriados.
    43 | D        | Found a shadowy altar of Dithmenos.
    43 | D        | Found a white marble altar of Elyvilon.
    43 | D        | Found a blossoming altar of Fedhas.
    43 | D        | Found an opulent altar of Gozag.
    44 | D        | Found a hazy altar of Hepliaklqana.
    45 | D        | Found a viscous altar of Jiyva.
    46 | D        | Found an ancient bone altar of Kikubaaqudgha.
    47 | D        | Found a corrupted altar of Lugonu.
    48 | D        | Found a burning altar of Makhleb.
    49 | D        | Found a sparkling altar of Nemelex Xobeh.
    50 | D        | Found an iron altar of Okawaru.
    51 | D        | Found a stormy altar of Qazlal.
    52 | D        | Found a sacrificial altar of Ru.
    53 | D        | Found a shimmering blue altar of Sif Muna.
    54 | D        | Found a bloodstained altar of Trog.
    55 | D        | Found a hide-covered altar of Uskayaw.
    56 | D        | Found a radiant altar of Vehumet.
    57 | D        | Found an ornate altar of the Wu Jian Council.
    58 | D        | Found a shimmering altar of Xom.
    59 | D        | Became a worshipper of Qazlal Stormbringer
   318 | D        | Found a basalt altar of Yredelemnul.
   319 | D        | Found a glowing silver altar of Zin.
   320 | D        | Found a glowing golden altar of the Shining One.
   383 | D        | Noticed a phantom
   383 | D        | Noticed an ogre
   383 | D        | Noticed a sky beast
   387 | D        | Killed a phantom
   387 | D        | Reached skill level 7 in Long Blades
   390 | D        | Reached skill level 8 in Long Blades
   390 | D        | Reached XP level 6. HP: 59/62 MP: 5/5
   394 | D        | Reached * piety under Qazlal
   401 | D        | Killed a sky beast
   401 | D        | Reached skill level 9 in Long Blades
   401 | D        | Reached skill level 1 in Dodging
   403 | D        | Reached skill level 10 in Shields
   403 | D        | Reached XP level 7. HP: 60/70 MP: 6/6
   404 | D        | Reached ** piety under Qazlal
   413 | D        | Noticed a troll
   413 | D        | Noticed a gargoyle
   413 | D        | Noticed a catoblepas
   413 | D        | Noticed a two-headed ogre
   513 | D        | Killed an unseen horror
   513 | D        | Reached skill level 10 in Fighting
   513 | D        | Reached skill level 11 in Long Blades
   513 | D        | Reached skill level 10 in Armour
   513 | D        | Reached XP level 8. HP: 80/80 MP: 2/7
   515 | D        | Killed a troll
   515 | D        | Reached skill level 12 in Long Blades
   521 | D        | Killed a catoblepas
   521 | D        | Reached skill level 13 in Long Blades
   521 | D        | Reached skill level 1 in Invocations
   524 | D        | Killed a gargoyle
   529 | D        | Killed a two-headed ogre
   529 | D        | Reached *** piety under Qazlal
   529 | D        | Reached skill level 14 in Long Blades
   529 | D        | Reached skill level 1 in Evocations
   529 | D        | Reached XP level 9. HP: 24/90 MP: 3/8
   532 | D        | Killed an unseen horror
   532 | D        | Reached skill level 15 in Long Blades
   897 | D        | Noticed a cane toad
   907 | D        | Reached **** piety under Qazlal
   921 | D        | Killed a cane toad
   921 | D        | Reached skill level 16 in Long Blades
   927 | D        | Noticed an eight-headed hydra
   939 | D        | Killed a four-headed hydra
   939 | D        | Reached ***** piety under Qazlal
   939 | D        | Reached XP level 10. HP: 15/99 MP: 10/10
  1264 | D        | Noticed a cane toad
  1264 | D        | Noticed a cane toad
  1269 | D        | Killed a cane toad
  1282 | D        | Killed a cane toad
  1291 | D        | Reached ****** piety under Qazlal
  1291 | D        | Reached skill level 17 in Long Blades
  1332 | D        | Reached skill level 15 in Shields
  1437 | D        | Noticed Harold
  1438 | D        | Noticed Erolcha
  1447 | D        | Killed Harold
  1462 | D        | Killed Erolcha
  1462 | D        | Reached XP level 11. HP: 57/107 MP: 11/11
  1835 | D        | Noticed an orc knight
  1853 | D        | Killed an orc knight
  1854 | D        | Noticed an orc knight
  1890 | D        | Killed an orc knight
  1890 | D        | Reached skill level 18 in Long Blades
  1994 | D        | Found Inlaezaq's Armour Emporium.
  1994 | D        | Noticed an orc knight
  1994 | D        | Noticed an orc high priest
  1994 | D        | Noticed an orc knight
  1994 | D        | Noticed an orc high priest
  1994 | D        | Noticed an orc high priest
  1999 | D        | Noticed an orc high priest
  2015 | D        | Killed an orc knight
  2016 | D        | Noticed a sun demon
  2033 | D        | Killed an orc high priest
  2033 | D        | Reached skill level 15 in Armour
  2034 | D        | Noticed an orc high priest
  2038 | D        | Killed an orc knight
  2040 | D        | Killed an orc high priest
  2040 | D        | Reached skill level 15 in Fighting
  2041 | D        | Found Qelor's Antique Armour Shoppe.
  2042 | D        | Noticed an orc high priest
  2048 | D        | Noticed an orc high priest
  2049 | D        | Killed an orc high priest
  2050 | D        | HP: 1/112 [orc high priest/divine providence (14)]
  2050 | D        | Slain by a rust devil

Illustrated notes

Levels and vault maps discovered:
D:        linesprint [early_d, line_temple, items_1, d_10, items_2, lair_1,
          lair_end, items_3, orc_1, orc_end, items_4, d_15, swamp_1, shoals_1,
          snake_1, spider_1, d_20, vaults_1, items_5, swamp_end, shoals_end,
          snake_end, spider_end, vaults_end, d_27, items_6, zot_1, zot_end,
          crypt_end, forest_end, elf_end, slime_end, tomb_end, abyss_end,
          pan_hell_end]

Skill      XL: |  1  2  3  4  5  6  7  8  9 10 11 |
---------------+----------------------------------+-----
Fighting       | 6 7 8 9 10 11 12 13 15 | 15.1
Armour         | 6 7 8 9 10 11 12 14 15 | 15.3
Shields        | 6 7 8 10 11 12 14 15 17 | 17.6
Long Blades    | 4 5 8 9 11 14 16 17 18 | 18.5
Dodging        | 1 3 4 |  4.5
Invocations    | 1 2 |  2.2
Evocations     | 1 2 |  2.7

Action                   |  1- 3 |  4- 6 |  7- 9 | 10-12 || total
-------------------------+-------+-------+-------+-------++-------
Melee: Long sword        |    14 |    12 |       |       ||    26
       Headbutt          |     1 |     6 |    14 |    56 ||    77
       Scimitar          |       |    19 |    55 |   214 ||   288
Invok: Upheaval          |       |       |     1 |       ||     1
Evoke: Wand              |       |       |     3 |     4 ||     7
  Use: Potion            |       |       |     1 |     3 ||     4
Armor: Scale mail        |     6 |     4 |       |       ||    10
       Plate armour      |       |     5 |    17 |     5 ||    27
       Chain mail        |       |       |       |     9 ||     9
Dodge: Dodged            |     5 |     6 |     9 |    14 ||    34
Block: Kite shield       |     9 |    20 |    38 |   111 ||   178
       Rpst.: Long sword |     1 |     1 |       |       ||     2
       Scimitar          |       |       |     1 |     6 ||     7

Table legend: (Time is in decaauts)
 A = Elapsed time spent in this place.
 B = Non-inter-level travel time spent in this place.
 C = Inter-level travel time spent in this place.
 D = Time resting spent in this place.
 E = Time spent auto-exploring this place.
 F = Levels seen in this place.
 G = Mean time per level.
                   A        B        C        D        E       F      G
               +--------+--------+--------+--------+--------+-----+--------+
         Total |   1977 |   1977 |      0 |   1217 |    132 |   1 | 1977.0 |
       Dungeon |   1977 |   1977 |      0 |   1217 |    132 |   1 | 1977.0 |
               +--------+--------+--------+--------+--------+-----+--------+

Top non-repeatable levels by time:
       D: 1977 daAuts
